 Dungeon Crawl Stone Soup version 0.19-a0-45-g2c295ea (webtiles) character file.

1553 nubinia the Magician (level 8, -8/43 HPs)
             Began as a Deep Elf Earth Elementalist on May 5, 2016.
             Was a Follower of Vehumet.
             Mangled by Pikel
             ... wielding a +0 whip of freezing
              (10 damage)
             ... on level 6 of the Dungeon.
             The game lasted 00:32:02 (7411 turns).

nubinia the Magician (Deep Elf Earth Elementalist)  Turns: 7411, Time: 00:32:03

Health: -8/43      AC:  3    Str:  5    XL:     8   Next: 57%
Magic:  6/21       EV: 15    Int: 23    God:    Vehumet [*.....]
Gold:   191        SH:  0    Dex: 18    Spells: 5 memorised, 10 levels left

rFire  + . .     SeeInvis +     a - +8 bow of Krishna "Sharnga" {speed, Dex+3 SInv}
rCold  + . .     Gourm    .     r - +1 robe {rC+ rF+}
rNeg   . . .     Faith    .     (shield currently unavailable)
rPois  .         Spirit   .     x - +0 hat
rElec  .         Dismiss  .     o - +0 cloak
rCorr  .         Reflect  .     (no gloves)
SustAt .         Harm     .     (no boots)
MR     .....                    (no amulet)
Stlth  +++.......               (no ring)
                                y - +3 ring of protection

@: corroded, not resistant to hostile enchantments, fairly stealthy
A: no striking features
a: Renounce Religion


You were on level 6 of the Dungeon.
You worshipped Vehumet.
Vehumet was aware of your devotion.
You were not hungry.

You visited 1 branch of the dungeon, and saw 6 of its levels.

You collected 224 gold pieces.
You spent 33 gold pieces at shops.

Inventory:

Hand Weapons
 a - the +8 bow of Krishna "Sharnga" (weapon) {speed, Dex+3 SInv}
   (You found it on level 4 of the Dungeon)

   Attacks with this weapon are significantly faster.
   It affects your dexterity (+3).
   It lets you see invisible.
 g - a +0 dagger
 h - a +0 hand axe
 l - a -1 short sword
 m - a +0 mace of draining
 B - a +0 dagger of holy wrath
 D - a +2 long sword of electrocution
Missiles
 b - 201 stones
 v - 85 arrows (quivered)
Armour
 e - a +1 robe
 o - a +0 cloak (worn)
 r - a +1 robe of resistance (worn)
 x - a +0 hat (worn)
Jewellery
 y - a +3 ring of protection (left hand)
Wands
 p - a wand of polymorph (6/24)
Scrolls
 i - a scroll of enchant weapon
 k - a scroll of enchant armour
 n - a scroll of blinking
 q - a scroll of recharging
 A - a scroll of teleportation
Potions
 j - 2 potions of flight
 s - a potion of invisibility {unknown}
 t - a potion of lignification {unknown}
 w - a potion of ambrosia
 C - a potion of brilliance
Books
 c - a book of Geomancy

   Spells                             Type                      Level
   a - Sandblast                      Earth                        1
   b - Passwall                       Transmutation/Earth          2
   c - Stone Arrow                    Conjuration/Earth            3
   d - Petrify                        Transmutation/Earth          4
   e - Lee's Rapid Deconstruction     Earth                        5
Comestibles
 d - 6 bread rations
 f - a beef jerky
 u - a meat ration
 z - a chunk of flesh


   Skills:
 + Level 1.0 Fighting
 + Level 0.6 Short Blades
 + Level 3.4 Bows
 + Level 5.0 Dodging
 + Level 4.8 Stealth
 + Level 7.9 Spellcasting
 + Level 3.6 Conjurations
 + Level 1.1 Transmutations
 + Level 7.1 Earth Magic


You had 10 spell levels left.
You knew the following spells:

 Your Spells              Type           Power        Failure   Level  Hunger
a - Sandblast             Erth           #####.       1%          1    None
b - Stone Arrow           Conj/Erth      ####..       2%          3    None
c - Passwall              Trmt/Erth      ####......   1%          2    None
d - Sting                 Conj/Pois      ###.         3%          1    None
e - Lee's Rapid Deconstr  Erth           #####.....   12%         5    #####..


Dungeon Overview and Level Annotations

Branches:
Dungeon (6/15)
 Temple: D:4-7

Altars:
Trog
Vehumet

Shops:
D:4 ?

Annotations:
D:4 Zhenya25pyc's ghost, amateur GrFi
D:6 exclusion: slave, Pikel


Message History

* * * LOW HITPOINT WARNING * * *
Firing (i - inventory. (,) - cycle):
v - 88 arrows (quivered)
Press: ? - help, Shift-Dir - straight line You shoot an arrow.
The arrow hits Pikel.
Pikel is heavily wounded.
The slave barely misses you. The slave closely misses you.
Firing (i - inventory. (,) - cycle):
v - 87 arrows (quivered)
Press: ? - help, Shift-Dir - straight line, f - Pikel
Aim: Pikel, wielding a whip of freezing, wearing a robe and carrying a wand of acid {zapped: 2} (heavily wounded)
You shoot an arrow. The arrow hits Pikel.
Pikel is heavily wounded.
Pikel completely misses you. The slave hits you.
* * * LOW HITPOINT WARNING * * *
Firing (i - inventory. (,) - cycle):
v - 86 arrows (quivered)
Press: ? - help, Shift-Dir - straight line, f/p - Pikel
Aim: Pikel, wielding a whip of freezing, wearing a robe and carrying a wand of acid {zapped: 2} (heavily wounded)
You shoot an arrow. The arrow closely misses Pikel.
The arrow barely misses the slave.
Pikel hits you with a whip of freezing!
You die...

#.....# ..p. ####.....##..#
#............# #.##.....##....
#.##.....# # #. #.##....## #.#
#.##.##.######### #.#
#.##.##.#.......# ###.#
#.......#......@###....# ####
####.####......Kpp.###.###.....
#.......#..[...p..........>....
#.##.##.#..........#....##.
#.##.##.#.............รท.###
#.##..#.#......(#.#.......#
#.###.#.#########.#..[...<# #.
#.###>#.# #.........# #.#
#.......# ####....### ..


You could see Pikel and 3 slaves.

Vanquished Creatures
  Grinder (D:5)
  A slave (D:6)
  An ice beast (D:5)
  A phantom (D:6)
  2 ogres
  Blork the orc (D:5)
  A scorpion (D:4)
  3 killer bees (D:5)
  A crimson imp (D:5)
  2 hounds (D:5)
  6 orc priests
  Crazy Yiuf (D:2)
  3 worker ants
  5 orc wizards
  A hound skeleton (D:4)
  12 adders
  A shadow imp (D:6)
  An ooze (D:3)
  A worm (D:2)
  A dart slug (D:3)
  6 giant geckos
  23 orcs
  5 giant cockroaches
  4 goblins
  4 hobgoblins
  7 jackals
  A quokka (D:2)
  6 bats
  2 giant gecko skeletons (D:5)
  7 giant newts
  6 kobolds
  5 rats
122 creatures vanquished.

Notes
Turn   | Place    | Note
--------------------------------------------------------------
     0 | D:1      | nubinia the Deep Elf Earth Elementalist began the quest for the Orb.
     0 | D:1      | Reached XP level 1. HP: 10/10 MP: 6/6
   474 | D:1      | Reached XP level 2. HP: 13/15 MP: 6/8
   484 | D:1      | Learned a level 2 spell: Passwall
  1028 | D:2      | Noticed Crazy Yiuf
  1143 | D:1      | Reached XP level 3. HP: 13/19 MP: 7/10
  1151 | D:1      | Learned a level 3 spell: Stone Arrow
  1381 | D:2      | Found a bloodstained altar of Trog.
  1870 | D:2      | Killed Crazy Yiuf
  1870 | D:2      | Reached XP level 4. HP: 24/24 MP: 1/12
  2559 | D:2      | Found a radiant altar of Vehumet.
  2563 | D:2      | Became a worshipper of Vehumet
  2844 | D:3      | Reached XP level 5. HP: 28/28 MP: 11/13
  3625 | D:4      | Reached skill level 5 in Spellcasting
  3632 | D:4      | Noticed Zhenya25pyc's ghost (amateur GrFi)
  3966 | D:4      | Reached XP level 6. HP: 32/32 MP: 2/16
  4182 | D:5      | Entered Level 5 of the Dungeon
  4311 | D:5      | Noticed Blork the orc
  4323 | D:5      | Killed Blork the orc
  4323 | D:5      | Reached skill level 5 in Earth Magic
  5416 | D:4      | Reached skill level 1 in Conjurations
  5416 | D:4      | Reached XP level 7. HP: 36/37 MP: 8/18
  5504 | D:4      | Reached * piety under Vehumet
  5504 | D:4      | Offered knowledge of Sting by Vehumet.
  5507 | D:4      | Learned a level 1 spell: Sting
  5857 | D:4      | Found Usoerch's Magic Scroll Boutique.
  5868 | D:4      | Bought a scroll of remove curse for 33 gold pieces
  6028 | D:4      | Reached skill level 1 in Fighting
  6625 | D:5      | Reached skill level 1 in Bows
  6660 | D:5      | Noticed Grinder
  6685 | D:5      | Paralysed by Grinder for 3 turns
  6690 | D:5      | Killed Grinder
  6690 | D:5      | Reached XP level 8. HP: 22/43 MP: 7/20
  7267 | D:6      | Reached skill level 5 in Dodging
  7326 | D:6      | Learned a level 5 spell: Lee's Rapid Deconstruction
  7399 | D:6      | Noticed Pikel
  7410 | D:6      | HP: 2/43 [slave[Pikel] (6)]
  7411 | D:6      | Mangled by Pikel

Vault maps used:
D:1:      evilmike_arrival_fibonacci_small
D:2:      vehumet_crystals, grunt_decor_mini_mirrors, trog_butcher_becter,
          uniq_crazy_yiuf_cottage
D:4:      serial_shops, shop
D:5:      first_bread, uniq_blork_the_orc, uniq_grinder
D:6:      grunt_decor_cap, uniq_pikel

Skill      XL: |  1  2  3  4  5  6  7  8 |
---------------+-------------------------+-----
Earth Magic    | 4 5 6 7 |  7.1
Spellcasting   | 4 5 6 7 |  7.9
Stealth        | 3 4 |  4.8
Dodging        | 3 4 5 |  5.0
Conjurations   | 1 2 3 |  3.6
Fighting       | 1 |  1.0
Bows           | 1 3 |  3.4
Short Blades   | |  0.6
Transmutations | |  1.1

Action                   |  1- 3 |  4- 6 |  7- 9 || total
-------------------------+-------+-------+-------++-------
Melee: Short sword       |    37 |    52 |     2 ||    91
 Fire: Longbow           |       |       |    48 ||    48
 Cast: Sandblast         |    55 |    53 |    15 ||   123
       Stone Arrow       |     3 |    35 |    40 ||    78
       Lee's Rapid Decon |       |       |     1 ||     1
  Use: Scroll            |     7 |     5 |     4 ||    16
 Stab: Sleeping          |     4 |     5 |       ||     9
       Distracted        |       |     2 |       ||     2
  Eat: Chunk             |     3 |    12 |     6 ||    21
Armor: Robe              |     8 |    18 |     5 ||    31
Dodge: Dodged            |    54 |    66 |    19 ||   139
